 Dungeon Crawl Stone Soup version 0.27.0-1-g7a089689b8 (webtiles) character file.

Game seed: 17806350025200248052

106 inmateoo the Skirmisher (level 4, -11/38 HPs)
             Began as a Merfolk Necromancer on Aug 7, 2021.
             Killed from afar by Ijyb (13 damage)
             ... with an iceblast
             ... on level 3 of the Dungeon.
             The game lasted 00:03:21 (2912 turns).

inmateoo the Skirmisher (Merfolk Necromancer)       Turns: 2912, Time: 00:03:22

Health: -11/38     AC:  3    Str:  9    XL:     4   Next: 84%
Magic:  5/7        EV: 16    Int: 14    God:
Gold:   63         SH:  5    Dex: 14    Spells: 4/7 levels left

rFire    . . .     SeeInvis .   f - +0 short sword
rCold    . . .     Faith    .   (no shield)
rNeg     . . .     Spirit   .   a - +1 robe
rPois    .         Reflect  +   (no helmet)
rElec    .         Harm     .   (no cloak)
rCorr    .         Rampage  .   (no gloves)
Will     .....                  (no boots)
Stlth    ++........             e - amulet of reflection
HPRegen  0.12/turn              g - +4 ring of evasion
MPRegen  0.10/turn              (no ring)

@: no status effects
A: (nimble swimmer 2), mertail
a: no special abilities


You were on level 3 of the Dungeon.
You visited 1 branch of the dungeon, and saw 3 of its levels.

You collected 63 gold pieces.

Inventory:

Hand Weapons
 f - a +0 short sword (weapon)
Armour
 a - a +1 robe (worn)
Jewellery
 e - an amulet of reflection (around neck)
 g - a +4 ring of evasion (left hand)
Potions
 d - 2 potions of might
 j - a potion of curing {unknown}


   Skills:
 + Level 4.7 Fighting
 - Level 2.6 Dodging
 - Level 2.1 Stealth
 - Level 2.0 Spellcasting
 - Level 3.2 Necromancy


You had 4 spell levels left.
You knew the following spells:

 Your Spells              Type           Power      Damage    Failure   Level
a - Pain                  Necr           40%        1d6       6%          1
b - Animate Skeleton      Necr           20%        N/A       6%          1
c - Foxfire               Conj/Fire      4%         2x1d4     24%         1

Your spell library contained the following spells:

 Spells                   Type           Power      Damage    Failure   Level
 Vampiric Draining        Necr           5%         2d6       19%         3
 Animate Dead             Necr           5%         N/A       52%         4
 Conjure Flame            Conj/Fire      1%         6-21      56%         3
 Inner Flame              Hex/Fire       1%         N/A       56%         3
 Agony                    Necr           10%        N/A       86%         5


Dungeon Overview and Level Annotations

Branches:
Dungeon (3/15)

Altars:
Trog

Annotations:
D:3 Ijyb


Innate Abilities, Weirdness & Mutations

((You are quick and stealthy near water. (Stealth+, EV+, Speed+++)))
Your lower body shifts to a powerful aquatic tail in water.


Message History

You conjure some foxfire!
The foxfire hits the goblin.
You kill the goblin!
Your foxfire dissipates!
Your foxfire dissipates!
You start resting.
Magic restored.
Your legs become a tail as you enter the water.
Items here: ( )) ÷ †.
There is an open door here.
You see here a jackal corpse.
There is an open door here.
Casting: Foxfire (safe; 24% risk of failure)
Confirm with . or Enter, or press ? or * to list all spells.
You miscast Foxfire.
You are very lightly contaminated with residual magic.
Nothing appears to happen.
The jackal barks!
You hear a shout!
Casting: Foxfire (safe; 24% risk of failure)
Confirm with . or Enter, or press ? or * to list all spells.
You conjure some foxfire!
Casting: Foxfire (safe; 24% risk of failure)
Confirm with . or Enter, or press ? or * to list all spells.
You conjure some foxfire!
The foxfire hits the jackal.
The jackal is heavily wounded.
The foxfire hits the jackal.
The jackal is almost dead.
The foxfire hits the jackal.
You kill the jackal!
You start resting.
Your magical contamination has completely faded away.
You start resting.
Ijyb is nearby!
Ijyb zaps a wand.
The mass of ice explodes!
The iceblast engulfs you!!
Ouch! That really hurt!
Ijyb zaps a wand.
The mass of ice explodes!
The iceblast engulfs you!
* * * LOW HITPOINT WARNING * * *
Okay, then.
You aren't carrying any scrolls.
Ijyb zaps a wand.
The mass of ice explodes!
The iceblast engulfs you!
You die...

#.))#.....#..)..≈≈≈<#
#)..#.....#......≈≈.#
##†##.....##+##..≈≈.#
#...#.....# #..≈≈...
#...#.....# #..≈≈###
#...#.....# #..≈≈#
##'##.....##+##).≈≈#
#............#...≈≈#
#....@.......#
#..g##########
#...#.......
#...'.......
#...'.......
############


You could see Ijyb.

Vanquished Creatures
  5 adders
  2 worms (D:2)
  A dart slug (D:1)
  2 orcs
  5 ball pythons
  4 endoplasms
  A giant cockroach (D:1)
  9 goblins
  2 hobgoblins (D:2)
  3 jackals (D:3)
  3 bats
  2 frilled lizards
  6 kobolds
  6 rats
  A foxfire (D:3)
52 creatures vanquished.

Vanquished Creatures (others)
  104 foxfires
104 creatures vanquished.

Grand Total: 156 creatures vanquished

Notes
Turn   | Place    | Note
-------+----------+-------------------------------------------
     0 | D:1      | inmateoo the Merfolk Necromancer began the quest for the
                  | Orb.
     0 | D:1      | Reached XP level 1. HP: 13/13 MP: 3/3
   188 | D:1      | Reached skill level 1 in Fighting
   542 | D:1      | Reached XP level 2. HP: 16/22 MP: 5/5
   679 | D:1      | Learned a level 1 spell: Animate Skeleton
   719 | D:1      | Reached skill level 2 in Fighting
  1031 | D:1      | Learned a level 1 spell: Foxfire
  1160 | D:2      | Reached skill level 3 in Fighting
  1160 | D:2      | Reached XP level 3. HP: 29/29 MP: 2/6
  1610 | D:2      | Reached XP level 4. HP: 37/37 MP: 3/7
  1654 | D:2      | Reached skill level 4 in Fighting
  1705 | D:2      | Found a bloodstained altar of Trog.
  2806 | D:3      | Noticed Ijyb
  2912 | D:3      | Killed from afar by Ijyb

Illustrated notes

Levels and vault maps discovered:
D:1:      minmay_arrival_up_and_down, layout_loops_cross, st_stairs_6
D:2:      layout_rooms, basic_altar
D:3:      kennysheep_goblin_castle, layout_basic

Skill      XL: |  1  2  3  4 |
---------------+-------------+-----
Fighting       | 1 3 4 |  4.7
Dodging        | |  2.6
Stealth        | |  2.1
Spellcasting   | |  2.0
Necromancy     | |  3.2

Action                   |  1- 3 |  4- 6 || total
-------------------------+-------+-------++-------
Melee: Short sword       |    61 |    27 ||    88
       Unarmed           |     7 |       ||     7
       Club              |     6 |       ||     6
 Cast: Pain              |     5 |       ||     5
       Foxfire           |    19 |    42 ||    61
  Use: Scroll            |       |     4 ||     4
 Stab: Sleeping          |     2 |       ||     2
Armor: Robe              |    11 |     5 ||    16
Dodge: Dodged            |    43 |    45 ||    88
Block: Other             |    11 |    14 ||    25
       Reflection        |       |     2 ||     2
